 Dungeon Crawl Stone Soup version 0.20-a0-1026-gc3ddcbd (webtiles) character file.

1264 Murumi the Covert (level 8, -3/69 HPs)
             Began as a Naga Enchanter on Apr 20, 2017.
             Was an Elder of Cheibriados.
             Slain by an ice beast (11 damage)
             ... on level 5 of the Dungeon.
             The game lasted 00:28:16 (6626 turns).

Murumi the Covert (Naga Enchanter)                  Turns: 6626, Time: 00:28:16

Health: -3/69      AC:  7    Str: 19    XL:     8   Next: 52%
Magic:  2/12       EV:  9    Int: 25    God:    Cheibriados [****..]
Gold:   283        SH:  0    Dex: 25    Spells: 2/13 levels left

rFire    + . .     SeeInvis +   e - +2 dagger (venom)
rCold    . . .     Gourm    .   (no shield)
rNeg     . . .     Faith    .   b - +0 robe
rPois    +         Spirit   .   (no helmet)
rElec    .         Reflect  .   (no cloak)
rCorr    .         Harm     .   (no gloves)
MR       +....                  u - +0 naga barding {rF+}
Stlth    ++++++....             i - amulet of magic regeneration
Regen    0.3/turn               (no ring)
MPRegen  0.2/turn               (no ring)

@: very slow
A: see invisible, agile 1, deformed body, poison resistance, slowness 2, slow
metabolism 1, spit poison 1, AC +2
a: Spit Poison, Bend Time, Temporal Distortion, Slouch, Renounce Religion


You were on level 5 of the Dungeon.
You worshipped Cheibriados.
Cheibriados was greatly pleased with you.
You were hungry.

You visited 1 branch of the dungeon, and saw 5 of its levels.

You collected 283 gold pieces.

Inventory:

Hand Weapons
 a - a +1 dagger
 e - a +2 dagger of venom (weapon)
Armour
 b - a +0 robe (worn)
 u - a +0 naga barding of fire resistance (worn)
Jewellery
 i - an amulet of magic regeneration (around neck)
Wands
 o - a wand of lightning (13/15)
 q - a wand of polymorph (10/24)
 v - a wand of clouds (2/9)
 x - a wand of flame (25/48)
Scrolls
 f - a scroll of identify
 m - a scroll of remove curse
 n - 5 scrolls of recharging
 p - a scroll of amnesia
 s - a scroll of magic mapping
Potions
 g - a potion of curing
 j - a potion of magic
 k - 4 potions of brilliance
 t - a potion of agility
Books
 c - a book of Maledictions

   Spells                             Type                      Level
   a - Corona                         Hexes                        1
   b - Ensorcelled Hibernation        Hexes/Ice                    2
   c - Confuse                        Hexes                        3
   d - Tukima's Dance                 Hexes                        3
   e - Dazzling Spray                 Conjuration/Hexes            3
Comestibles
 d - 5 bread rations
 h - 3 meat rations
 l - 6 fruits
 r - 3 royal jellies


   Skills:
 - Level 3.0 Fighting
 - Level 3.2 Short Blades
 - Level 2.0 Dodging
 - Level 13.0 Stealth
 - Level 3.0 Spellcasting
 + Level 3.2 Hexes


You had 2 spell levels left.
You knew the following spells:

 Your Spells              Type           Power        Failure   Level  Hunger
a - Confuse               Hex            ###.....     8%          3    ###....
b - Ensorcelled Hibernat  Hex/Ice        ##....       8%          2    ##.....
c - Tukima's Dance        Hex            ###.....     8%          3    ###....
d - Dazzling Spray        Conj/Hex       ##....       16%         3    ###....


Dungeon Overview and Level Annotations

Branches:
Dungeon (5/15)
 Temple: D:4-7

Altars:
Cheibriados
Dithmenos
Gozag
Kikubaaqudgha
Ru
Trog


Innate Abilities, Weirdness & Mutations

You cannot wear boots.
Your serpentine skin is tough. (AC +2)
You have supernaturally acute eyesight. (SInv)
Armour fits poorly on your strangely shaped body.
Your system is resistant to poisons. (rPois)
You cover ground very slowly.
You have a slow metabolism.
You can spit poison.
You are agile. (Dex +2)


Message History

The ice beast is lightly wounded.
You hit the ice beast.
The ice beast is moderately wounded.
The ice beast hits you. The ice beast freezes you!
* * * LOW HITPOINT WARNING * * *
The ice beast hits you but does no damage.
You hit the ice beast.
The ice beast is heavily wounded.
You hit the ice beast.
The ice beast looks even sicker.
The ice beast is severely wounded.
The ice beast seems less confused.
The ice beast hits you.
* * * LOW HITPOINT WARNING * * *
The ice beast freezes you!
* * * LOW HITPOINT WARNING * * *
You hit the ice beast but do no damage.
The ice beast is severely wounded.
The ice beast hits you.
* * * LOW HITPOINT WARNING * * *
The ice beast freezes you!
You die...

#.....#....#)................#
#.....'....#.................#
#.....#....#.................#
#############....)#######...=.#
..................#.....#.....#
..................#.....####'##
..................#...........#
..................#...........#
.............)..@.#..........##
.............).Y..'..........#
.......[..........#.....##...#
..................############
##########........# #........#
#........# '........#
#........#


You could see an ice beast.

Vanquished Creatures
  A black bear (D:4)
  2 ogres (D:5)
  Blork the orc (D:5)
  A scorpion (D:4)
  2 jellies (D:5)
  2 vampire bats (D:3)
  A centaur zombie (D:5)
  A centaur skeleton (D:5)
  2 hounds
  6 orc wizards
  A gnoll shaman (D:4)
  3 worker ants (D:5)
  2 killer bee zombies (D:5)
  8 gnolls
  10 adders
  A shadow imp (D:5)
  2 worms
  2 dart slugs (D:1)
  3 leopard geckos
  13 orcs
  4 bat skeletons (D:3)
  A bat zombie (D:3)
  6 giant cockroaches
  7 goblins
  9 hobgoblins
  8 jackals
  2 quokkas
  A ball python (D:2)
  10 bats
  9 frilled lizards
  10 kobolds
  11 rats
142 creatures vanquished.

Notes
Turn   | Place    | Note
-------+----------+-------------------------------------------
     0 | D:1      | Murumi the Naga Enchanter began the quest for the Orb.
     0 | D:1      | Reached XP level 1. HP: 15/15 MP: 3/3
   235 | D:1      | Reached XP level 2. HP: 19/22 MP: 5/5
   330 | D:1      | Reached skill level 5 in Stealth
   334 | D:1      | Learned a level 2 spell: Ensorcelled Hibernation
   782 | D:1      | Reached skill level 1 in Fighting
   977 | D:1      | Reached XP level 3. HP: 31/31 MP: 6/6
   982 | D:1      | Learned a level 3 spell: Confuse
  1506 | D:2      | Found a snail-covered altar of Cheibriados.
  1512 | D:2      | Became a worshipper of Cheibriados the Contemplative
  1539 | D:2      | Reached skill level 6 in Stealth
  1600 | D:2      | Reached XP level 4. HP: 32/38 MP: 2/7
  1714 | D:2      | Found a shadowy altar of Dithmenos.
  1765 | D:2      | Reached skill level 7 in Stealth
  1896 | D:2      | Reached * piety under Cheibriados
  2236 | D:3      | Found a faded altar of an unknown god.
  2240 | D:3      | Found a sacrificial altar of Ru.
  2730 | D:3      | Reached skill level 8 in Stealth
  2730 | D:3      | Reached XP level 5. HP: 22/44 MP: 3/8
  3021 | D:3      | Reached ** piety under Cheibriados
  3232 | D:3      | Found an ancient bone altar of Kikubaaqudgha.
  3320 | D:3      | Gained mutation: Your spells are a little harder to cast, but a little more powerful. [potion of mutation]
  3320 | D:3      | Gained mutation: You have a pair of small horns on your head. [potion of mutation]
  3343 | D:3      | HP: 1/44 [vampire bat (3)]
  3365 | D:3      | Reached skill level 9 in Stealth
  3737 | D:3      | Reached XP level 6. HP: 51/51 MP: 9/9
  3835 | D:3      | Lost mutation: Your spells are a little harder to cast, but a little more powerful. [potion of mutation]
  3835 | D:3      | Lost mutation: You have a pair of small horns on your head. [potion of mutation]
  3835 | D:3      | Gained mutation: You are agile. (Dex +2) [potion of mutation]
  4246 | D:4      | Reached *** piety under Cheibriados
  4721 | D:4      | Found an opulent altar of Gozag.
  4760 | D:4      | Reached XP level 7. HP: 50/62 MP: 3/10
  4772 | D:4      | Reached skill level 10 in Stealth
  4780 | D:4      | HP: 3/62 [gnoll/spear (4)]
  5260 | D:5      | Entered Level 5 of the Dungeon
  5324 | D:5      | Reached skill level 11 in Stealth
  5350 | D:5      | Identified a scroll of acquirement
  5399 | D:5      | Noticed Blork the orc
  5417 | D:5      | Killed Blork the orc
  5763 | D:5      | Reached XP level 8. HP: 58/69 MP: 0/11
  5812 | D:5      | Reached skill level 12 in Stealth
  5827 | D:5      | Learned a level 3 spell: Tukima's Dance
  5831 | D:5      | Learned a level 3 spell: Dazzling Spray
  5926 | D:5      | Reached **** piety under Cheibriados
  6362 | D:5      | Found a bloodstained altar of Trog.
  6453 | D:5      | Reached skill level 13 in Stealth
  6626 | D:5      | Slain by an ice beast

Vault maps used:
D:1:      lightli_molten_gateway
D:2:      old_standard_altar, grunt_dithmenos_smoke_and_mirrors
D:3:      nicolae_ru_awakened_eye, kennysheep_vampire_church,
          chequers_ecumenical_altar_simple
D:4:      black_bear_nest_1, grunt_gozag_breadcrumbs, serial_glass,
          glass_columns_b, glass_columns_a
D:5:      lemuel_doored_altar, first_bread, uniq_blork_the_orc

Skill      XL: |  1  2  3  4  5  6  7  8 |
---------------+-------------------------+-----
Dodging        | 2 |  2.0
Stealth        | 5 6 8 9 11 13 | 13.0
Fighting       | 1 3 |  3.0
Short Blades   | 2 3 |  3.2
Spellcasting   | 3 |  3.0
Hexes          | |  3.2

Action                   |  1- 3 |  4- 6 |  7- 9 || total
-------------------------+-------+-------+-------++-------
Melee: Dagger            |    89 |   198 |   123 ||   410
       Headbutt          |       |     3 |       ||     3
 Cast: Ensorcelled Hiber |     2 |    16 |    19 ||    37
       Confuse           |       |     8 |     9 ||    17
 Abil: Spit Poison       |    18 |    19 |     4 ||    41
  Use: Scroll            |     4 |     7 |     3 ||    14
       Potion            |       |     7 |     3 ||    10
 Stab: Sleeping          |     8 |    26 |    15 ||    49
       Distracted        |       |     1 |       ||     1
       Confused          |       |       |     2 ||     2
  Eat: Chunk             |     2 |     4 |     5 ||    11
       Meat ration       |       |     1 |       ||     1
Armor: Robe              |    16 |    73 |    36 ||   125
       Skin              |       |    20 |       ||    20
Dodge: Dodged            |    50 |   136 |   112 ||   298
